 Dungeon Crawl Stone Soup version 0.30-a0-165-g1891117ce2 (webtiles) character file.

Game seed: 8740832680737836236

70 qw the Chopper (level 4, -2/28 HPs)
             Began as a Gargoyle Fighter on Sept 28, 2022.
             Shot with an arrow by a centaur (5 damage)
             ... on level 3 of the Dungeon.
             The game lasted 00:00:35 (1744 turns).

qw the Chopper (Gargoyle Fighter)                   Turns: 1744, Time: 00:00:35

Health: -2/28      AC: 10    Str: 21    XL:     4   Next: 22%
Magic:  4/4        EV:  9    Int:  9    God:
Gold:   127        SH:  4    Dex:  9    Spells: 3/3 levels left

rFire   . . .      SeeInvis .    Y - +1 war axe
rCold   . . .      Faith    .    c - +0 buckler
rNeg    + . .      Spirit   .    b - +0 scale mail
rPois   inf        Reflect  .    (no helmet)
rElec   +          Harm     .    (no cloak)
rCorr   .          Rampage  .    (no gloves)
Will    .....                    (no boots)
Stlth   ..........               (no amulet)
HPRegen 0.09/turn                (no ring)
MPRegen 0.09/turn                (no ring)

@: about to teleport, slowed, very slow
A: sickness immunity, AC +3, negative energy resistance 1, electricity
resistance, torment resistance 1, petrification resistance
a: no special abilities


You were on level 3 of the Dungeon.
You visited 1 branch of the dungeon, and saw 3 of its levels.

You collected 127 gold pieces.


Innate Abilities, Weirdness & Mutations

You are immune to sickness and miasma.
Your stone body is resilient. (AC +3)
You are immune to poison.
You resist negative energy. (rN+)
You are resistant to electric shocks. (rElec)
You are resistant to unholy torment.
You are immune to petrification.


   Skills:
 - Level 3.2 Fighting
 + Level 4.0 Axes
 - Level 3.2 Armour
 - Level 3.2 Shields


You had 3 spell levels left.
You didn't know any spells.
Your spell library was empty.

Inventory:

Hand Weapons
 e - a +0 whip
 Y - a +1 war axe (weapon)
Armour
 b - a +0 scale mail (worn)
 c - a +0 buckler (worn)
Scrolls
 a - a scroll of teleportation
Potions
 d - 3 potions of might
 f - a potion of curing {unknown}
 g - a potion of degeneration {unknown}
 h - a potion of heal wounds {unknown}
 j - a potion of mutation {unknown}

Dungeon Overview and Level Annotations

Branches:
Dungeon (3/15)

Altars:

Annotations:
D:3 Grinder


Message History

Natasha stares at you and mumbles some strange words.
You feel yourself slow down.
The white imp hits you but does no damage.
You barely miss Natasha.
Natasha is almost dead.
You closely miss the white imp. Natasha casts a spell at you.
You feel as though you will be slow longer.
The white imp gestures at you. The puff of frost hits you.
Natasha stares at you and mumbles some strange words.
You feel as though you will be slow longer.
The white imp hits you but does no damage.
You hit Natasha.
You kill Natasha!
Natasha screams in fury as she dies!
The white imp disappears in a puff of smoke!
Your Axes skill increases to level 4!
You have reached level 4!
You feel clever.
You start resting.
A centaur comes into view.
1703 ||| Stepping ~*~*~tactically~*~*~ (stealth).
You start resting.
HP restored.
You start waiting.
A centaur is nearby!
The centaur shouts!
The centaur wields a +0 shortbow.
The centaur shoots an arrow.
The arrow hits you!
The centaur shoots an arrow.
The arrow closely misses you.
The centaur shoots an arrow.
The arrow hits you.
Grinder comes into view.
The centaur shoots an arrow.
The arrow hits you.
The centaur shoots an arrow.
The arrow barely misses you.
A dart slug comes into view.
The centaur shoots an arrow.
The arrow hits you!
Grinder blinks!
1744 ||| READING 2 scrolls of teleportation.
As you read the scroll of teleportation, it crumbles to dust.
You feel strangely unstable.
The centaur shoots an arrow.
You block the arrow.
The centaur shoots an arrow.
The arrow hits you.
You die...

#...# #### . #..c#
##.....
#.####...###...###
..........<%......
...!.....###...###
..###....# #.##
###....####.#
.......?....#.#####w.
#.##..#...<..@..c.ยค..
.....#..!.##.###...#
#..........##.# #
......>....##.#
####.#####.##.# #.
#.##.# # #.##.# ..#


You could see a centaur and a dart slug.

Vanquished Creatures
  Natasha (D:3)
  An adder (D:2)
  A worm (D:2)
  A bat (D:2)
  5 goblins (D:2)
  5 hobgoblins
  3 jackals (D:1)
  5 kobolds
  2 ball pythons (D:2)
  A frilled lizard (D:2)
  5 rats
30 creatures vanquished.

Notes
Turn   | Place    | Note
-------+----------+-------------------------------------------
     0 | D:1      | qw the Gargoyle Fighter began the quest for the Orb.
     0 | D:1      | Reached XP level 1. HP: 14/14 MP: 1/1
     0 | D:1      | 0 ||| qw: Version: 0.2-a-12-gaebbb33
     0 | D:1      | 0 ||| qw: Game counter: 874
     0 | D:1      | 0 ||| qw: Always use a shield: true
     0 | D:1      | 0 ||| qw: God list: Okawaru
     0 | D:1      | 0 ||| qw: Allow faded altars: false
     0 | D:1      | 0 ||| qw: Do Orc after D:15 true
     0 | D:1      | 0 ||| qw: Do second Lair branch before Depths: true
     0 | D:1      | 0 ||| qw: Lair rune preference: random
     0 | D:1      | 0 ||| qw: Plans: Normal, Zot:1-4, God:TSO, Crypt, Tomb,
                  | Pan, Slime:5, Hells, Abyss, Orb
     0 | D:1      | 0 ||| PLANNING D:1-11
    22 | D:1      | Found a faded altar of an unknown god.
    36 | D:1      | 36 ||| Stepping ~*~*~tactically~*~*~ (stealth).
    46 | D:1      | Reached skill level 2 in Axes
   453 | D:1      | Reached XP level 2. HP: 19/19 MP: 2/2
   489 | D:1      | 489 ||| READING scroll labelled VETROY RAPADIE.
   538 | D:1      | 538 ||| READING scroll labelled ESHITA IZOISM.
   843 | D:2      | 843 ||| Stepping ~*~*~tactically~*~*~ (stealth).
   861 | D:2      | 861 ||| Stepping ~*~*~tactically~*~*~ (stealth).
  1205 | D:2      | Reached skill level 3 in Axes
  1280 | D:2      | Reached XP level 3. HP: 23/23 MP: 3/3
  1647 | D:2      | 1647 ||| READING 3 scrolls labelled HODAF KIRIYBB.
  1651 | D:2      | 1651 ||| READING scroll labelled ARUTAICLOPH.
  1660 | D:3      | 1660 ||| STAIRDANCE
  1672 | D:3      | Noticed Natasha
  1673 | D:3      | 1673 ||| Stepping ~*~*~tactically~*~*~ (hiding).
  1682 | D:3      | Killed Natasha
  1683 | D:3      | Reached skill level 4 in Axes
  1683 | D:3      | Reached XP level 4. HP: 21/28 MP: 4/4
  1702 | D:3      | Noticed a centaur
  1703 | D:3      | 1703 ||| Stepping ~*~*~tactically~*~*~ (stealth).
  1742 | D:3      | Noticed Grinder
  1743 | D:3      | HP: 3/28 [centaur/arrow (11)]
  1744 | D:3      | 1744 ||| READING 2 scrolls of teleportation.
  1744 | D:3      | Shot with an arrow by a centaur

Levels and vault maps discovered:
D:1:      lightli_arrival_noodles, layout_rooms, basic_ecumenical_altar
D:2:      layout_basic
D:3:      layout_loops_ring, serial_shops, nicolae_shop_bloodbath_and_beyond,
          shop_statue, shop, nicolae_shop_crystal, shop, uniq_natasha,
          uniq_grinder

Skill      XL: |  1  2  3 |
---------------+----------+-----
Axes           | 2 3 4 |  4.0
Fighting       | |  3.2
Armour         | |  3.2
Shields        | |  3.2

Action                   |  1- 3 |  4- 6 || total
-------------------------+-------+-------++-------
Melee: War axe           |   111 |       ||   111
  Use: Scroll            |     4 |     1 ||     5
Armor: Scale mail        |    69 |       ||    69
Dodge: Dodged            |    50 |     2 ||    52
Block: Buckler           |    17 |     1 ||    18

Table legend:
 A = Non-vault XP
 B = Vault XP
 C = Vault XP percentage of total XP
 D = Non-vault monster count
 E = Vault monster count
 F = Vault count percentage of total count
                 A         B        C        D         E       F
            +---------+---------+-------+---------+---------+-------
      Total |      65 |      36 |  35.6 |      29 |       1 |   3.3
            +---------+---------+-------+---------+---------+-------
        D:1 |      12 |       0 |   0.0 |       7 |       0 |   0.0
        D:2 |      52 |       0 |   0.0 |      21 |       0 |   0.0
        D:3 |       1 |      36 |  97.3 |       1 |       1 |  50.0
            +---------+---------+-------+---------+---------+-------
